 Dungeon Crawl Stone Soup version 0.30.1-9-gdf580d7c3d (webtiles) character file.

Game seed: 15998662456067946503

104 lonewolfV2 the Trooper (level 4, -5/35 HPs)
             Began as a Demonspawn Wanderer on Oct 24, 2023.
             Slain by Crazy Yiuf
             ... wielding a +3 quarterstaff of chaos
              (16 damage)
             ... on level 3 of the Dungeon.
             The game lasted 00:06:23 (2434 turns).

lonewolfV2 the Trooper (Demonspawn Wanderer)        Turns: 2434, Time: 00:06:24

Health: -5/35      AC:  7    Str: 15    XL:     4   Next: 52%
Magic:  7/7        EV: 11    Int: 14    God:
Gold:   129        SH:  0    Dex: 11    Spells: 6/7 levels left

rFire   . . .        a - +3 hand axe
rCold   + . .        (no shield)
rNeg    . . .        g - +1 robe "Duotouve" {rC+}
rPois   .            (no helmet)
rElec   .            e - +1 cloak
rCorr   .            (no gloves)
SInv    .            (no boots)
Will    .....        (no amulet)
Stlth   +            (no ring)
HPRegen 0.25/turn    (no ring)
MPRegen 0.10/turn

%: no passive effects
@: lethally poisoned (-5 -> -12)
A: yellow scales 1, foul stench 2
a: no special abilities


You were on level 3 of the Dungeon.
You visited 1 branch of the dungeon, and saw 3 of its levels.

You collected 129 gold pieces.

Inventory:

Hand Weapons
 a - a +3 hand axe (weapon)
Armour
 c - a +0 robe
 e - a +1 cloak (worn)
 g - the +1 robe "Duotouve" (worn) {rC+}
   (You found it on level 2 of the Dungeon)

   rC:        It protects you from cold.
Jewellery
 q - a ring of ice
Scrolls
 h - a scroll of immolation {unknown}
 m - a scroll of fog {unknown}
 o - 2 scrolls of noise {unknown}
 r - 3 scrolls of blinking
 s - 3 scrolls of fear {unknown}
 t - a scroll of identify
 u - a scroll of butterflies
Potions
 b - 3 potions of curing
 d - a potion of cancellation {unknown}
 f - a potion of brilliance
 i - 4 potions of heal wounds
 j - 2 potions of degeneration {unknown}
 k - a potion of flight {unknown}
 l - a potion of magic {unknown}
 n - 2 potions of haste
 p - a potion of attraction {unknown}


   Skills:
 + Level 3.1 Fighting
 + Level 2.9 Axes
 - Level 1.0 Armour
 - Level 1.0 Stealth
 + Level 2.3 Spellcasting
 - Level 3.0 Hexes


You had 6 spell levels left.
You knew the following spells:

 Your Spells              Type           Power      Damage    Failure   Level
a - Slow                  Hex            40%        N/A       7%          1

Your spell library contained the following spells:

 Spells                   Type           Power      Damage    Failure   Level
 Beastly Appendage        Tmut           2%         N/A       22%         1
 Kiss of Death            Conj/Necr      4%         2d5       22%         1
 Blink                    Tloc           2%         N/A       34%         2
 Wereblood                Tmut           1%         N/A       34%         2
 Dazzling Flash           Conj/Hex       10%        N/A       36%         3
 Portal Projectile        Hex/Tloc       10%        N/A       36%         3
 Spider Form              Tmut/Pois      1%         N/A       56%         3
 Vhi's Electric Charge    Tloc/Air       2%         N/A       56%         3
 Leda's Liquefaction      Hex/Erth       2%         N/A       77%         4
 Manifold Assault         Tloc           1%         N/A       92%         4
 Summon Mana Viper        Hex/Summ       5%         N/A       98%         5
 Yara's Violent Unravell  Hex/Tmut       2%         3d3       98%         5
 Arcjolt                  Conj/Air       0%         1d10      99%         5
 Plasma Beam              Fire/Air       0%         2x1d11    100%        6
 Storm Form               Tmut/Air       0%         N/A       100%        7


Dungeon Overview and Level Annotations

Branches:
Dungeon (3/15)

Altars:

Shops:
D:1 *

Annotations:
D:3 Crazy Yiuf


Innate Abilities, Weirdness & Mutations

You are partially covered in yellow scales. (AC +2)
You sometimes emit foul miasma when damaged in melee.


Message History

You now have 115 gold pieces (gained 20).
There is a stone staircase leading down here.
Found a white marble altar of Elyvilon.
A frilled lizard comes into view.
A frilled lizard is nearby!
The frilled lizard barely misses you.
You slash the frilled lizard!
You kill the frilled lizard!
You see here a frilled lizard corpse.
Found 3 stones.
Found a stone staircase leading down.
There is a stone staircase leading down here.
There is a stone staircase leading down here.
Could not explore, unopened door.
You open the door.
Found a glowing silver altar of Zin.
There is an open door here.
There is a glowing silver altar of Zin here.
There is an open door here.
Found a ring mail.
Found a stone staircase leading up.
j - 2 clear potions (gained 1)
You now have 129 gold pieces (gained 14).
You see here a +0 great sword.
Crazy Yiuf shouts!
Crazy Yiuf cries, "Seed!"
Could not explore, unopened runed door.
Could not explore, unopened runed door.
Could not explore, unopened runed door.
As you open the door, it creaks loudly!
Crazy Yiuf says, "Crazy?
Crazy!?
PORCUPINE!"
You barely miss Crazy Yiuf.
Crazy Yiuf hits you with a +3 quarterstaff of chaos.
You are poisoned.
You slash Crazy Yiuf!
Crazy Yiuf is heavily wounded.
You feel very sick.
Crazy Yiuf cries, "Peeping!"
Crazy Yiuf hits you with a +3 quarterstaff of chaos!
You are electrocuted!
You die...

#.####..#####.#
####...# #.##....##
#># #....#.#
.....##..# #.#
#.####.# #.######.#
### ### #.# #.####
### #.# #....# #.#
####.# ### ######.#
#.# #)..###
##....#.# #.#
#...g@####.......#
#.#
#...##..#.#......###
###.##### ###
###.#....##...#
#.......#
##########..#
#..)รท...# #####.###
#.......## #### #.#
#.... #........#
#..# #.###.###
#........# #.##
#..##.)##
##........# #.#
##.##....


You could see Crazy Yiuf.

Vanquished Creatures
  3 adders
  3 worms
  2 dart slugs
  An orc (D:3)
  5 endoplasms
  2 giant cockroaches
  8 goblins
  5 hobgoblins
  4 jackals (D:1)
  4 kobolds
  A quokka (D:2)
  5 ball pythons
  7 bats
  7 frilled lizards
  5 rats
62 creatures vanquished.

Notes
Turn   | Place    | Note
-------+----------+-------------------------------------------
     0 | D:1      | lonewolfV2 the Demonspawn Wanderer began the quest for the
                  | Orb.
     0 | D:1      | lonewolfV2 set off with the following items: a +3 hand axe,
                  | a potion of curing, a +0 robe; and the following spell
                  | memorised: Slow; and the following spells available to
                  | memorise: Dazzling Flash.
     0 | D:1      | Reached XP level 1. HP: 16/16 MP: 2/2
   175 | D:1      | Gained mutation: You may rarely emit foul miasma when
                  | damaged in melee. [demonic ancestry]
   175 | D:1      | Reached XP level 2. HP: 19/22 MP: 3/3
   561 | D:1      | Found Mocwu's Assorted Antiques.
   827 | D:1      | Gained mutation: You sometimes emit foul miasma when
                  | damaged in melee. [demonic ancestry]
   827 | D:1      | Reached XP level 3. HP: 24/28 MP: 5/5
  1182 | D:2      | Identified the +1 robe "Duotouve" {rC+}
  1424 | D:2      | Found a faded altar of an unknown god.
  1772 | D:2      | Identified a scroll of acquirement
  1772 | D:2      | Acquired the Directory of Bruises and Fascination
  1819 | D:3      | Found a runed translucent door.
  1820 | D:3      | Noticed Crazy Yiuf
  1873 | D:3      | Gained mutation: You are partially covered in yellow
                  | scales. (AC +2) [demonic ancestry]
  1873 | D:3      | Reached XP level 4. HP: 29/34 MP: 7/7
  2434 | D:3      | Slain by Crazy Yiuf

Illustrated notes

Levels and vault maps discovered:
D:1:      lightli_arrival_quake, layout_loops_ring, serial_shops, shop,
          minmay_bisected
D:2:      layout_basic, dreamdust_ecumenical_altar_angels_and_demons
D:3:      layout_rooms, elyvilon_altar_1, zin_statuary, uniq_crazy_yiuf_cottage

Skill      XL: |  1  2  3  4 |
---------------+-------------+-----
Axes           | 2 |  2.9
Spellcasting   | 2 |  2.3
Fighting       | 3 |  3.1
Armour         | |  1.0
Stealth        | |  1.0
Hexes          | |  3.0

Action                     |  1- 3 |  4- 6 || total
---------------------------+-------+-------++-------
  Melee: Hand axe          |    86 |    36 ||   122
         Punch             |       |     1 ||     1
   Cast: Slow              |     2 |       ||     2
    Use: Scroll            |     8 |       ||     8
   Stab: Sleeping          |     1 |     1 ||     2
 Armour: Robe              |    38 |    18 ||    56
  Dodge: Dodged            |    70 |    15 ||    85
